Monarchs vs Falcons

Created - Thursday, January 22, 2015 at 23:33

Goals
1 2 3 T
Monarchs 0 0 0 0
Falcons 0 0 1 1
Shots
1 2 3 T
Monarchs 9 7 3 19
Falcons 7 5 10 22

1st period

No Goal

Penalties :
Kevin Connauton (SPR) for Hooking (Minor) at 2:07, Keith Ballard (MAN) for Elbowing (Minor) at 13:46, Jordan Weal (SPR) for Hooking (Minor) at 19:51

2nd period

No Goal

Penalties :
Bobby Robins (MAN) for Holding (Minor) at 11:28

3rd period

1. Falcons , Matt Ellis 15 (Jeff Taffe, Krys Barch) at 15:36

Penalties :
Derek Forbort (MAN) for Hooking (Minor) at 13:10

Goalie Stats

Niklas Svedberg (MAN), 21 saves from 22 shots - (0.955), L, 24-19-5, 60:00 minutes
Troy Grosenick (SPR), 19 saves from 19 shots - (1.000), W, 24-20-5, 60:00 minutes

Players Stats for Monarchs

Player Name              G  A  P  +/- PIM S  H  SB GA TA FO     MP     PP MP  PK MP  
------------------------------------------------------------------------------------
Bobby Robins             0  0  0   0  2   0  1  0  0  0  0/0    13:49   0:00   0:00 
Brett Olson              0  0  0  -1  0   1  1  1  1  0  4/11   19:21   1:19   0:18 
Byron Froese             0  0  0   0  0   0  0  0  0  0  0/1     2:38   0:00   0:20 
C.J. Stretch             0  0  0  -1  0   1  1  0  0  0  0/8    17:41   0:00   2:37 
Derek Forbort            0  0  0   0  2   0  2  0  0  0  0/0    20:54   1:23   3:58 
Jared Knight             0  0  0   0  0   1  1  0  1  1  0/1    19:35   2:38   0:00 
Jason Jaffray            0  0  0   0  0   2  3  1  1  3  1/4    23:57   2:38   2:16 
Joe Morrow               0  0  0   0  0   2  1  0  1  3  0/0    20:51   1:23   3:58 
Jordan Hill              0  0  0   0  0   0  0  0  0  1  0/0    14:58   0:00   0:00 
Keith Ballard            0  0  0  -1  2   5  1  1  2  1  0/0    24:08   2:34   1:59 
Luke Gazdic              0  0  0   0  0   0  1  0  0  0  0/0     3:05   0:00   0:00 
Matej Stransky           0  0  0  -1  0   2  1  1  3  1  0/0    19:03   1:19   0:00 
Mathieu Tousignant       0  0  0   0  0   0  1  0  0  1  0/0    14:09   0:00   2:08 
Mikhail Grigorenko       0  0  0   0  0   2  0  1  4  0  10/16  20:46   2:38   1:25 
Nathan Paetsch           0  0  0  -1  0   1  0  2  0  1  0/0    19:33   2:34   1:59 
Raffi Torres             0  0  0   0  0   2  3  0  3  0  2/2    19:48   1:19   2:50 
Taylor Doherty           0  0  0   0  0   0  1  1  0  0  0/0    14:58   0:00   0:00 
Zach McKelvie            0  0  0   0  0   0  0  0  0  0  0/0     4:36   0:00   0:00 

Players Stats for Falcons

Player Name              G  A  P  +/- PIM S  H  SB GA TA FO     MP     PP MP  PK MP  
------------------------------------------------------------------------------------
Austin Watson            0  0  0   0  0   2  1  0  1  0  2/3    20:31   2:18   0:43 
Brian Connelly           0  0  0   0  0   0  0  1  0  0  0/0     3:06   0:00   1:37 
Brian Dumoulin           0  0  0   0  0   1  1  1  0  0  0/0    16:56   0:51   1:21 
Cal O'Reilly             0  0  0   0  0   3  1  1  2  1  4/5    21:04   2:24   2:59 
Carl Klingberg           0  0  0   0  0   1  0  0  1  0  0/0     6:38   0:49   0:00 
Chad Ruhwedel            0  0  0   1  0   0  1  1  3  1  0/0    28:27   2:42   3:05 
Chris Thorburn           0  0  0   0  0   1  2  0  0  0  2/4    21:23   2:22   1:52 
Jeff Hoggan              0  0  0   0  0   0  0  0  0  0  0/0     0:57   0:00   0:00 
Jeff Taffe               0  1  1   1  0   3  2  1  3  1  3/3    21:28   1:12   0:50 
Joonas Jarvinen          0  0  0   0  0   0  2  0  0  1  0/0    20:38   2:02   0:21 
Jordan Weal              0  0  0   0  2   0  0  2  0  2  11/22  20:51   2:47   1:15 
Kevin Connauton          0  0  0   1  2   0  0  1  1  1  0/0    26:06   2:21   1:30 
Krys Barch               0  1  1   1  0   2  2  0  2  0  0/1    12:09   1:40   0:15 
Matt Ellis               1  0  1   1  0   6  0  1  2  1  1/1    15:08   0:00   0:00 
Mitch Callahan           0  0  0   0  0   1  1  1  1  0  1/1    19:41   2:14   0:00 
Nick Shore               0  0  0   0  0   0  0  0  0  0  2/2     2:20   0:00   0:00 
Quinton Howden           0  0  0   0  0   0  3  0  4  3  0/1    18:05   2:25   0:00 
Radek Martinek           0  0  0   0  0   2  1  2  0  0  0/0    20:23   3:38   0:00 

3 Stars

1 - Troy Grosenick (SPR)
2 - Niklas Svedberg (MAN)
3 - Matt Ellis (SPR)

Power Play

Monarchs - 0 on 2 Attempt(s) - 0.00%
Falcons - 0 on 3 Attempt(s) - 0.00%

Penalty Kill

Monarchs - 3 on 3 Attempt(s) - 100.00% - Score 0 goal in Penalty Kill
Falcons - 2 on 2 Attempt(s) - 100.00% - Score 0 goal in Penalty Kill

Team Stat

Monarchs - Hits : 18 - Faceoff Wins : 17 - Blocked Shots : 8 - Penalty Minutes : 6
Falcons - Hits : 17 - Faceoff Wins : 26 - Blocked Shots : 12 - Penalty Minutes : 4

Official

Referees : Unknown
Linesman : Unknown

Game Notes

Brian Connelly is injured at 3:45 of 1st period (Sprained Left Knee)
Luke Gazdic is injured at 17:43 of 1st period (Head)

Finance

Level 1 -- Attendance: 1622 (81.10%) -- Ticket Income $56,770
Level 2 -- Attendance: 782 (78.20%) -- Ticket Income $11,730
Total Attendance: 2404 (80.13%)
Total Ticket Income: $68,500
Other Income: $33,565
Total Income: $102,065

Monarchs

5 vs 5 Forward 
   Center                   Left Wing                Right Wing               Time % Phy DF OF 
 1 Mikhail Grigorenko       Jason Jaffray            Jared Knight             35     1   2  2  
 2 Brett Olson              Raffi Torres             Matej Stransky           30     1   2  2  
 3 C.J. Stretch             Jason Jaffray            Bobby Robins             22     1   2  2  
 4 Mathieu Tousignant       Jason Jaffray            Raffi Torres             13     1   2  2  

5 vs 5 Defense 
   Defense                  Defense                                           Time % Phy DF OF 
 1 Keith Ballard            Nathan Paetsch                                    35     1   2  2  
 2 Joe Morrow               Derek Forbort                                     30     1   2  2  
 3 Jordan Hill              Taylor Doherty                                    22     1   2  2  
 4 Zach McKelvie            Keith Ballard                                     13     1   2  2  

PowerPlay Forward 
   Center                   Left Wing                Right Wing               Time % Phy DF OF 
 1 Mikhail Grigorenko       Jason Jaffray            Jared Knight             60     1   2  2  
 2 Brett Olson              Raffi Torres             Matej Stransky           40     1   2  2  

PowerPlay Defense
   Defense                  Defense                                           Time % Phy DF OF 
 1 Keith Ballard            Nathan Paetsch                                    60     1   2  2  
 2 Joe Morrow               Derek Forbort                                     40     1   2  2  

Penalty Kill 4 Players Forward 
   Center                   Wing                     Time % Phy DF OF 
 1 Jason Jaffray            Raffi Torres             60     1   2  2  
 2 Mikhail Grigorenko       Brett Olson              40     1   2  2  

Penalty Kill 4 Players Defense
   Defense                  Defense                  Time % Phy DF OF 
 1 Keith Ballard            Nathan Paetsch           60     1   2  2  
 2 Joe Morrow               Derek Forbort            40     1   2  2  

Penalty Kill - 3 Players Forward 
   Forward                                           Time % Phy DF OF 
 1 Jason Jaffray                                     60     1   2  2  
 2 Raffi Torres                                      40     1   2  2  

Penalty Kill - 3 Players Defense
   Defense                  Defense                  Time % Phy DF OF 
 1 Keith Ballard            Nathan Paetsch           60     1   2  2  
 2 Joe Morrow               Derek Forbort            40     1   2  2  

4 vs 4 Forward 
   Center                   Wing                     Time % Phy DF OF 
 1 Jason Jaffray            Raffi Torres             60     1   2  2  
 2 Mikhail Grigorenko       Brett Olson              40     1   2  2  

4 vs 4 Defense
   Defense                  Defense                  Time % Phy DF OF 
 1 Keith Ballard            Nathan Paetsch           60     1   2  2  
 2 Joe Morrow               Derek Forbort            40     1   2  2  

Last Minutes Offensive
   Center                   Left Wing                Right Wing               Defense                  Defense                  
   Mikhail Grigorenko       Jason Jaffray            Jared Knight             Keith Ballard            Nathan Paetsch           

Last Minutes Defensive
   Center                   Left Wing                Right Wing               Defense                  Defense                  
   Mikhail Grigorenko       Jason Jaffray            Jared Knight             Keith Ballard            Nathan Paetsch           

Goaltenders
Starting : Niklas Svedberg          
Backup : Reto Berra               

Extra Forwards
Normal : Jason Jaffray, C.J. Stretch, Mathieu Tousignant - PP : Jason Jaffray, C.J. Stretch - PK : Mathieu Tousignant
Extra Defensemen
Normal : Jordan Hill, Taylor Doherty, Zach McKelvie - PP : Jordan Hill - PK : Taylor Doherty, Zach McKelvie
Penalty Shots
Jason Jaffray, Raffi Torres, Mikhail Grigorenko, Brett Olson, Jared Knight

Falcons

5 vs 5 Forward 
   Center                   Left Wing                Right Wing               Time % Phy DF OF 
 1 Jordan Weal              Jeff Taffe               Chris Thorburn           35     1   2  2  
 2 Austin Watson            Quinton Howden           Mitch Callahan           30     1   2  2  
 3 Jordan Weal              Austin Watson            Matt Ellis               22     1   2  2  
 4 Cal O'Reilly             Chris Thorburn           Jeff Taffe               13     1   2  2  

5 vs 5 Defense 
   Defense                  Defense                                           Time % Phy DF OF 
 1 Radek Martinek           Kevin Connauton                                   35     1   2  2  
 2 Chad Ruhwedel            Brian Connelly                                    30     1   2  2  
 3 Chad Ruhwedel            Kevin Connauton                                   22     1   2  2  
 4 Brian Connelly           Kevin Connauton                                   13     1   2  2  

PowerPlay Forward 
   Center                   Left Wing                Right Wing               Time % Phy DF OF 
 1 Jordan Weal              Cal O'Reilly             Chris Thorburn           60     1   2  2  
 2 Austin Watson            Quinton Howden           Mitch Callahan           40     1   2  2  

PowerPlay Defense
   Defense                  Defense                                           Time % Phy DF OF 
 1 Chad Ruhwedel            Kevin Connauton                                   60     1   2  2  
 2 Radek Martinek           Brian Connelly                                    40     1   2  2  

Penalty Kill 4 Players Forward 
   Center                   Wing                     Time % Phy DF OF 
 1 Jordan Weal              Cal O'Reilly             60     1   2  2  
 2 Chris Thorburn           Austin Watson            40     1   2  2  

Penalty Kill 4 Players Defense
   Defense                  Defense                  Time % Phy DF OF 
 1 Chad Ruhwedel            Kevin Connauton          60     1   2  2  
 2 Brian Dumoulin           Brian Connelly           40     1   2  2  

Penalty Kill - 3 Players Forward 
   Forward                                           Time % Phy DF OF 
 1 Chris Thorburn                                    60     1   2  2  
 2 Austin Watson                                     40     1   2  2  

Penalty Kill - 3 Players Defense
   Defense                  Defense                  Time % Phy DF OF 
 1 Radek Martinek           Kevin Connauton          60     1   2  2  
 2 Chad Ruhwedel            Brian Connelly           40     1   2  2  

4 vs 4 Forward 
   Center                   Wing                     Time % Phy DF OF 
 1 Cal O'Reilly             Jordan Weal              60     1   2  2  
 2 Chris Thorburn           Austin Watson            40     1   2  2  

4 vs 4 Defense
   Defense                  Defense                  Time % Phy DF OF 
 1 Chad Ruhwedel            Radek Martinek           60     1   2  2  
 2 Kevin Connauton          Brian Connelly           40     1   2  2  

Last Minutes Offensive
   Center                   Left Wing                Right Wing               Defense                  Defense                  
   Austin Watson            Jeff Taffe               Chris Thorburn           Chad Ruhwedel            Kevin Connauton          

Last Minutes Defensive
   Center                   Left Wing                Right Wing               Defense                  Defense                  
   Austin Watson            Jeff Taffe               Chris Thorburn           Chad Ruhwedel            Kevin Connauton          

Goaltenders
Starting : Troy Grosenick           
Backup : Farm Player77            

Extra Forwards
Normal : Jordan Weal, Cal O'Reilly, Chris Thorburn - PP : Jordan Weal, Cal O'Reilly - PK : Chris Thorburn
Extra Defensemen
Normal : Brian Connelly, Kevin Connauton, Chad Ruhwedel - PP : Kevin Connauton - PK : Kevin Connauton, Brian Connelly
Penalty Shots
Cal O'Reilly, Jeff Taffe, Chris Thorburn, Austin Watson, Jordan Weal

% Time on Ice - Monarchs

Lines # - Real PCT - Wanted PCT - Time Play
Normal Forward
1 - 34% - 35% - 17:06
2 - 35% - 30% - 17:45
3 - 27% - 22% - 13:45
4 - 3% - 13% - 1:29
Normal Defense
1 - 30% - 35% - 15:01
2 - 31% - 30% - 15:30
3 - 30% - 22% - 14:58
4 - 9% - 13% - 4:36
PP Forward
1 - 66% - 60% - 2:38
2 - 34% - 40% - 1:20
PP Defense
1 - 65% - 60% - 2:35
2 - 35% - 40% - 1:23
PK Forward
1 - 95% - 60% - 5:39
2 - 5% - 40% - 0:18
PK Defense
1 - 33% - 60% - 1:59
2 - 67% - 40% - 3:58
PK3 Forward
1 - 0% - 60%
2 - 0% - 40%
PK3 Defense
1 - 0% - 60%
2 - 0% - 40%
44 Forward
1 - 0% - 60%
2 - 0% - 40%
44 Defense
1 - 0% - 60%
2 - 0% - 40%
Last Minute Offensive  - 0:00
Last Minute Defensive  - 0:00
Total
Forward - 60:00
Defense - 60:00

% Time on Ice - Falcons

Lines # - Real PCT - Wanted PCT - Time Play
Normal Forward
1 - 22% - 35% - 11:01
2 - 33% - 30% - 16:08
3 - 23% - 22% - 11:28
4 - 21% - 13% - 10:32
Normal Defense
1 - 26% - 35% - 12:34
2 - 47% - 30% - 23:02
3 - 4% - 22% - 2:00
4 - 23% - 13% - 11:33
PP Forward
1 - 59% - 60% - 3:32
2 - 41% - 40% - 2:25
PP Defense
1 - 0% - 60% - 0:00
2 - 100% - 40% - 5:57
PK Forward
1 - 82% - 60% - 3:15
2 - 18% - 40% - 0:43
PK Defense
1 - 66% - 60% - 2:36
2 - 34% - 40% - 1:22
PK3 Forward
1 - 0% - 60%
2 - 0% - 40%
PK3 Defense
1 - 0% - 60%
2 - 0% - 40%
44 Forward
1 - 0% - 60%
2 - 0% - 40%
44 Defense
1 - 0% - 60%
2 - 0% - 40%
Last Minute Offensive  - 0:00
Last Minute Defensive  - 0:56
Total
Forward - 60:00
Defense - 60:00

Play by Play

1st period


0:01 of 1st period - Mikhail Grigorenko wins face-off versus Jordan Weal in neutral zone.
0:03 of 1st period - Off-side.
0:04 of 1st period - Jordan Weal wins face-off versus Mikhail Grigorenko in neutral zone.
0:17 of 1st period - Slapshot by Keith Ballard.
0:17 of 1st period - Shot Misses the Net.
0:31 of 1st period - Slapshot by Jeff Taffe.
0:31 of 1st period - Stopped by Niklas Svedberg without a rebound.
0:32 of 1st period - Austin Watson wins face-off versus Brett Olson in Monarchs zone.
0:39 of 1st period - Snap shot by Austin Watson.
0:39 of 1st period - Stopped by Niklas Svedberg with a rebound.
0:41 of 1st period - Slapshot by Chad Ruhwedel.
0:41 of 1st period - Shot Misses the Net.
0:43 of 1st period - Slapshot by Chad Ruhwedel.
0:43 of 1st period - Shot Misses the Net.
0:45 of 1st period - Snap shot by Mitch Callahan.
0:45 of 1st period - Stopped by Niklas Svedberg without a rebound.
0:46 of 1st period - Brett Olson wins face-off versus Quinton Howden in Monarchs zone.
0:46 of 1st period - Brett Olson is hit by Quinton Howden.
1:32 of 1st period - Slapshot by Derek Forbort.
1:32 of 1st period - Shot Misses the Net.
1:34 of 1st period - Slapshot by Joe Morrow.
1:34 of 1st period - Stopped by Troy Grosenick with a rebound.
1:58 of 1st period - Snap shot by C.J. Stretch.
1:58 of 1st period - Stopped by Troy Grosenick with a rebound.
2:00 of 1st period - Slapshot by Taylor Doherty.
2:00 of 1st period - Deflect By Jason Jaffray.
2:00 of 1st period - Shot Misses the Net.
2:00 of 1st period - Puck is out of play.
2:01 of 1st period - Mikhail Grigorenko wins face-off versus Jordan Weal in Falcons zone.
2:02 of 1st period - Snap shot by Keith Ballard.
2:02 of 1st period - Deflect By Mikhail Grigorenko.
2:02 of 1st period - Shot Misses the Net.
2:02 of 1st period - Puck is out of play.
2:03 of 1st period - Mikhail Grigorenko wins face-off versus Jordan Weal in Falcons zone.
2:07 of 1st period - Minor Penalty to Kevin Connauton for Hooking.
2:08 of 1st period - Jordan Weal wins face-off versus Mikhail Grigorenko in Falcons zone.
2:18 of 1st period - Wrist shot by Keith Ballard.
2:18 of 1st period - Shot Blocked by Cal O'Reilly.
2:24 of 1st period - Snap shot by Mikhail Grigorenko.
2:24 of 1st period - Stopped by Troy Grosenick with a rebound.
2:26 of 1st period - Slapshot by Keith Ballard.
2:26 of 1st period - Shot Misses the Net.
2:28 of 1st period - Wrist shot by Jason Jaffray.
2:28 of 1st period - Stopped by Troy Grosenick without a rebound.
2:29 of 1st period - Jordan Weal wins face-off versus Brett Olson in Falcons zone.
2:52 of 1st period - Snap shot by Brett Olson.
2:52 of 1st period - Stopped by Troy Grosenick without a rebound.
2:53 of 1st period - Chris Thorburn wins face-off versus Jason Jaffray in Falcons zone.
3:02 of 1st period - Wrist shot by Mikhail Grigorenko.
3:02 of 1st period - Shot Blocked by Brian Dumoulin.
3:20 of 1st period - Slapshot by Mikhail Grigorenko.
3:20 of 1st period - Shot Misses the Net.
3:22 of 1st period - Snap shot by Nathan Paetsch.
3:22 of 1st period - Stopped by Troy Grosenick with a rebound.
3:24 of 1st period - Snap shot by Keith Ballard.
3:24 of 1st period - Stopped by Troy Grosenick with a rebound.
3:26 of 1st period - Slapshot by Jared Knight.
3:26 of 1st period - Shot Misses the Net.
3:28 of 1st period - Wrist shot by Jason Jaffray.
3:28 of 1st period - Shot Blocked by Brian Connelly.
3:44 of 1st period - Brian Connelly is hit by Raffi Torres and loses puck.
3:45 of 1st period - Brian Connelly from Falcons is injured at 3:45 of 1st period (Sprained Left Knee).
3:46 of 1st period - Mikhail Grigorenko wins face-off versus Jordan Weal in Falcons zone.
3:49 of 1st period - Snap shot by Mikhail Grigorenko.
3:49 of 1st period - Shot Misses the Net.
4:07 of 1st period - Penalty to Kevin Connauton is over, Kevin Connauton is back on ice.
4:40 of 1st period - Quinton Howden is hit by Jason Jaffray and loses puck.
7:12 of 1st period - Taylor Doherty is hit by Cal O'Reilly and loses puck.
10:23 of 1st period - Radek Martinek is hit by Jason Jaffray and loses puck.
10:50 of 1st period - Nathan Paetsch is hit by Jeff Taffe and loses puck.
11:20 of 1st period - C.J. Stretch is hit by Krys Barch and loses puck.
11:44 of 1st period - Joe Morrow is hit by Quinton Howden.
12:40 of 1st period - Cal O'Reilly is hit by Mathieu Tousignant and loses puck.
13:27 of 1st period - Matt Ellis is hit by Luke Gazdic and loses puck.
13:38 of 1st period - Slapshot by Jeff Hoggan.
13:38 of 1st period - Deflect By Matt Ellis.
13:38 of 1st period - Stopped by Niklas Svedberg with a rebound.
13:46 of 1st period - Minor Penalty to Keith Ballard for Elbowing.
13:47 of 1st period - Jordan Weal wins face-off versus Jason Jaffray in Monarchs zone.
14:04 of 1st period - Slapshot by Radek Martinek.
14:04 of 1st period - Stopped by Niklas Svedberg with a rebound.
14:06 of 1st period - Snap shot by Cal O'Reilly.
14:06 of 1st period - Stopped by Niklas Svedberg with a rebound.
15:39 of 1st period - Quinton Howden is hit by Derek Forbort and loses puck.
15:46 of 1st period - Penalty to Keith Ballard is over, Keith Ballard is back on ice.
15:58 of 1st period - Wrist shot by Matt Ellis.
15:58 of 1st period - Deflect By Carl Klingberg.
15:58 of 1st period - Shot Misses the Net.
15:58 of 1st period - Puck is out of play.
15:59 of 1st period - Cal O'Reilly wins face-off versus Byron Froese in Monarchs zone.
16:26 of 1st period - Jordan Hill is hit by Chad Ruhwedel and loses puck.
16:37 of 1st period - Snap shot by Jeff Taffe.
16:37 of 1st period - Shot Misses the Net.
17:13 of 1st period - Jordan Hill is hit by Joonas Jarvinen and loses puck.
17:32 of 1st period - Snap shot by Keith Ballard.
17:32 of 1st period - Stopped by Troy Grosenick without a rebound.
17:33 of 1st period - Jordan Weal wins face-off versus Brett Olson in Falcons zone.
17:42 of 1st period - Luke Gazdic is hit by Brian Dumoulin and loses puck.
17:43 of 1st period - Luke Gazdic from Monarchs is injured at 17:43 of 1st period (Head).
17:44 of 1st period - Jordan Weal wins face-off versus Mikhail Grigorenko in Monarchs zone.
17:59 of 1st period - Wrist shot by Chris Thorburn.
17:59 of 1st period - Stopped by Niklas Svedberg with a rebound.
18:01 of 1st period - Backhand shot by Chad Ruhwedel.
18:01 of 1st period - Deflect By Jeff Taffe.
18:01 of 1st period - Shot Misses the Net.
18:01 of 1st period - Puck is out of play.
18:02 of 1st period - Mikhail Grigorenko wins face-off versus Jordan Weal in Monarchs zone.
18:45 of 1st period - Slapshot by Keith Ballard.
18:45 of 1st period - Stopped by Troy Grosenick with a rebound.
19:10 of 1st period - Brett Olson is hit by Austin Watson.
19:38 of 1st period - Wrist shot by C.J. Stretch.
19:38 of 1st period - Shot Blocked by Chad Ruhwedel.
19:51 of 1st period - Minor Penalty to Jordan Weal for Hooking.
19:52 of 1st period - Chris Thorburn wins face-off versus Jared Knight in Falcons zone.
Goals for this period are 0 for Monarchs vs 0 for Falcons.
Shots for this period are 9 for Monarchs vs 7 for Falcons.

2nd period


0:01 of 2nd period - Mikhail Grigorenko wins face-off versus Chris Thorburn in neutral zone.
1:13 of 2nd period - Kevin Connauton is hit by Raffi Torres and loses puck.
1:29 of 2nd period - Off-side.
1:30 of 2nd period - Mikhail Grigorenko wins face-off versus Krys Barch in neutral zone.
1:39 of 2nd period - Snap shot by Keith Ballard.
1:39 of 2nd period - Stopped by Troy Grosenick without a rebound.
1:40 of 2nd period - Mikhail Grigorenko wins face-off versus Chris Thorburn in Falcons zone.
1:50 of 2nd period - Off-side.
1:51 of 2nd period - Penalty to Jordan Weal is over, Jordan Weal is back on ice.
1:51 of 2nd period - Brett Olson wins face-off versus Jordan Weal in neutral zone.
2:12 of 2nd period - Snap shot by Matej Stransky.
2:12 of 2nd period - Stopped by Troy Grosenick without a rebound.
2:13 of 2nd period - Austin Watson wins face-off versus C.J. Stretch in Falcons zone.
2:26 of 2nd period - Snap shot by Quinton Howden.
2:26 of 2nd period - Shot Blocked by Nathan Paetsch.
2:28 of 2nd period - Snap shot by Austin Watson.
2:28 of 2nd period - Shot Misses the Net.
2:30 of 2nd period - Wrist shot by Austin Watson.
2:30 of 2nd period - Stopped by Niklas Svedberg without a rebound.
2:31 of 2nd period - Mitch Callahan wins face-off versus C.J. Stretch in Monarchs zone.
3:10 of 2nd period - Nathan Paetsch is hit by Jeff Taffe.
3:52 of 2nd period - Jordan Weal is hit by Derek Forbort and loses puck.
6:05 of 2nd period - Icing by Jeff Taffe.
6:06 of 2nd period - Brett Olson wins face-off versus Cal O'Reilly in Falcons zone.
7:36 of 2nd period - Wrist shot by Mitch Callahan.
7:36 of 2nd period - Shot Misses the Net.
7:46 of 2nd period - Snap shot by Matt Ellis.
7:46 of 2nd period - Shot Blocked by Taylor Doherty.
7:48 of 2nd period - Snap shot by Jordan Weal.
7:48 of 2nd period - Shot Blocked by Brett Olson.
9:15 of 2nd period - Slapshot by Jeff Taffe.
9:15 of 2nd period - Shot Misses the Net.
10:42 of 2nd period - Wrist shot by Raffi Torres.
10:42 of 2nd period - Stopped by Troy Grosenick with a rebound.
10:58 of 2nd period - Jeff Taffe is hit by C.J. Stretch and loses puck.
11:28 of 2nd period - Minor Penalty to Bobby Robins for Holding.
11:29 of 2nd period - Jason Jaffray wins face-off versus Jordan Weal in Monarchs zone.
12:25 of 2nd period - Snap shot by Krys Barch.
12:25 of 2nd period - Stopped by Niklas Svedberg with a rebound.
13:28 of 2nd period - Penalty to Bobby Robins is over, Bobby Robins is back on ice.
14:01 of 2nd period - Snap shot by Matt Ellis.
14:01 of 2nd period - Shot Blocked by Nathan Paetsch.
14:18 of 2nd period - Snap shot by Austin Watson.
14:18 of 2nd period - Shot Misses the Net.
14:20 of 2nd period - Snap shot by Austin Watson.
14:20 of 2nd period - Shot Misses the Net.
14:22 of 2nd period - Snap shot by Matt Ellis.
14:22 of 2nd period - Stopped by Niklas Svedberg without a rebound.
14:23 of 2nd period - Mikhail Grigorenko wins face-off versus Jordan Weal in Monarchs zone.
14:28 of 2nd period - Slapshot by Taylor Doherty.
14:28 of 2nd period - Shot Blocked by Matt Ellis.
14:59 of 2nd period - Slapshot by Keith Ballard.
14:59 of 2nd period - Stopped by Troy Grosenick with a rebound.
15:07 of 2nd period - Brett Olson is hit by Chris Thorburn and loses puck.
15:24 of 2nd period - Slapshot by Nick Shore.
15:24 of 2nd period - Shot Misses the Net.
15:26 of 2nd period - Snap shot by Carl Klingberg.
15:26 of 2nd period - Stopped by Niklas Svedberg without a rebound.
15:27 of 2nd period - Nick Shore wins face-off versus C.J. Stretch in Monarchs zone.
15:30 of 2nd period - Slapshot by Carl Klingberg.
15:30 of 2nd period - Shot Hit the Post.
15:54 of 2nd period - Taylor Doherty is hit by Radek Martinek and loses puck.
16:50 of 2nd period - Brian Dumoulin is hit by Raffi Torres and loses puck.
17:01 of 2nd period - Matej Stransky is hit by Mitch Callahan and loses puck.
17:24 of 2nd period - Wrist shot by Keith Ballard.
17:24 of 2nd period - Shot Blocked by Radek Martinek.
17:26 of 2nd period - Wrist shot by Byron Froese.
17:26 of 2nd period - Shot Misses the Net.
17:28 of 2nd period - Slapshot by Keith Ballard.
17:28 of 2nd period - Deflect By Raffi Torres.
17:28 of 2nd period - Stopped by Troy Grosenick with a rebound.
17:30 of 2nd period - Snap shot by Nathan Paetsch.
17:30 of 2nd period - Shot Blocked by Jeff Taffe.
17:45 of 2nd period - Slapshot by Derek Forbort.
17:45 of 2nd period - Shot Blocked by Radek Martinek.
17:47 of 2nd period - Snap shot by Jason Jaffray.
17:47 of 2nd period - Shot Misses the Net.
17:49 of 2nd period - Snap shot by Jason Jaffray.
17:49 of 2nd period - Stopped by Troy Grosenick without a rebound.
17:50 of 2nd period - Jordan Weal wins face-off versus C.J. Stretch in Falcons zone.
18:23 of 2nd period - Snap shot by Matt Ellis.
18:23 of 2nd period - Deflect By Keith Ballard.
18:23 of 2nd period - Stopped by Niklas Svedberg without a rebound.
18:24 of 2nd period - Matt Ellis wins face-off versus Brett Olson in Monarchs zone.
18:47 of 2nd period - Snap shot by Keith Ballard.
18:47 of 2nd period - Deflect By Mikhail Grigorenko.
18:47 of 2nd period - Stopped by Troy Grosenick with a rebound.
18:49 of 2nd period - Slapshot by Keith Ballard.
18:49 of 2nd period - Shot Blocked by Kevin Connauton.
18:55 of 2nd period - Jordan Weal is hit by Jared Knight and loses puck.
19:02 of 2nd period - Joe Morrow is hit by Joonas Jarvinen and loses puck.
19:38 of 2nd period - Icing by Derek Forbort.
19:39 of 2nd period - Jeff Taffe wins face-off versus C.J. Stretch in Monarchs zone.
19:54 of 2nd period - Bobby Robins is hit by Krys Barch and loses puck.
Goals for this period are 0 for Monarchs vs 0 for Falcons.
Shots for this period are 7 for Monarchs vs 5 for Falcons.

3rd period


0:01 of 3rd period - Raffi Torres wins face-off versus Jordan Weal in neutral zone.
0:22 of 3rd period - Slapshot by Jeff Taffe.
0:22 of 3rd period - Shot Blocked by Jason Jaffray.
0:30 of 3rd period - Wrist shot by Radek Martinek.
0:30 of 3rd period - Stopped by Niklas Svedberg with a rebound.
1:06 of 3rd period - Austin Watson is hit by Keith Ballard.
2:17 of 3rd period - Slapshot by Jared Knight.
2:17 of 3rd period - Shot Misses the Net.
2:56 of 3rd period - Icing by Derek Forbort.
2:57 of 3rd period - Jordan Weal wins face-off versus Mikhail Grigorenko in Monarchs zone.
3:27 of 3rd period - Slapshot by Matej Stransky.
3:27 of 3rd period - Stopped by Troy Grosenick with a rebound.
3:29 of 3rd period - Wrist shot by Keith Ballard.
3:29 of 3rd period - Deflect By Raffi Torres.
3:29 of 3rd period - Shot Misses the Net.
3:29 of 3rd period - Puck is out of play.
3:30 of 3rd period - Jordan Weal wins face-off versus Brett Olson in Falcons zone.
3:53 of 3rd period - Bobby Robins is hit by Quinton Howden and loses puck.
4:36 of 3rd period - Wrist shot by Matt Ellis.
4:36 of 3rd period - Stopped by Niklas Svedberg with a rebound.
5:31 of 3rd period - Kevin Connauton is hit by Taylor Doherty and loses puck.
5:54 of 3rd period - Matt Ellis is hit by Matej Stransky and loses puck.
6:19 of 3rd period - Wrist shot by Mikhail Grigorenko.
6:19 of 3rd period - Deflect By Cal O'Reilly.
6:19 of 3rd period - Shot Misses the Net.
6:19 of 3rd period - Puck is out of play.
6:20 of 3rd period - Cal O'Reilly wins face-off versus Mikhail Grigorenko in Falcons zone.
7:16 of 3rd period - Wrist shot by Jeff Taffe.
7:16 of 3rd period - Stopped by Niklas Svedberg without a rebound.
7:17 of 3rd period - Jeff Taffe wins face-off versus Brett Olson in Monarchs zone.
7:46 of 3rd period - Joe Morrow is hit by Chris Thorburn and loses puck.
8:38 of 3rd period - Icing by Mitch Callahan.
8:39 of 3rd period - Jeff Taffe wins face-off versus C.J. Stretch in Falcons zone.
9:13 of 3rd period - Snap shot by Raffi Torres.
9:13 of 3rd period - Shot Misses the Net.
9:38 of 3rd period - Wrist shot by Cal O'Reilly.
9:38 of 3rd period - Stopped by Niklas Svedberg without a rebound.
9:39 of 3rd period - Cal O'Reilly wins face-off versus C.J. Stretch in Monarchs zone.
9:42 of 3rd period - Wrist shot by Cal O'Reilly.
9:42 of 3rd period - Stopped by Niklas Svedberg without a rebound.
9:43 of 3rd period - Cal O'Reilly wins face-off versus C.J. Stretch in Monarchs zone.
10:06 of 3rd period - Wrist shot by Matt Ellis.
10:06 of 3rd period - Shot Misses the Net.
11:02 of 3rd period - Jordan Weal is hit by Brett Olson and loses puck.
11:07 of 3rd period - Slapshot by Joe Morrow.
11:07 of 3rd period - Shot Blocked by Jordan Weal.
12:14 of 3rd period - Off-side.
12:15 of 3rd period - Nick Shore wins face-off versus Brett Olson in neutral zone.
12:20 of 3rd period - Snap shot by Matt Ellis.
12:20 of 3rd period - Shot Hit the Post.
12:58 of 3rd period - Snap shot by Mikhail Grigorenko.
12:58 of 3rd period - Shot Misses the Net.
13:00 of 3rd period - Slapshot by Taylor Doherty.
13:00 of 3rd period - Shot Blocked by Mitch Callahan.
13:02 of 3rd period - Slapshot by Jared Knight.
13:02 of 3rd period - Stopped by Troy Grosenick without a rebound.
13:03 of 3rd period - Jordan Weal wins face-off versus Mikhail Grigorenko in Falcons zone.
13:03 of 3rd period - Jordan Weal is hit by Jason Jaffray.
13:10 of 3rd period - Minor Penalty to Derek Forbort for Hooking.
13:11 of 3rd period - Jordan Weal wins face-off versus Jason Jaffray in Monarchs zone.
14:57 of 3rd period - Snap shot by Krys Barch.
14:57 of 3rd period - Stopped by Niklas Svedberg with a rebound.
15:10 of 3rd period - Penalty to Derek Forbort is over, Derek Forbort is back on ice.
15:32 of 3rd period - Snap shot by Jeff Taffe.
15:32 of 3rd period - Stopped by Niklas Svedberg with a rebound.
15:34 of 3rd period - Snap shot by Jeff Taffe.
15:34 of 3rd period - Shot Blocked by Matej Stransky.
15:36 of 3rd period - Wrist shot by Matt Ellis.
15:36 of 3rd period - Goal by Matt Ellis - Monarchs : 0 - Falcons : 1.
15:37 of 3rd period - Brett Olson wins face-off versus Jordan Weal in neutral zone.
15:52 of 3rd period - Slapshot by Joe Morrow.
15:52 of 3rd period - Shot Blocked by Jordan Weal.
15:54 of 3rd period - Slapshot by Joe Morrow.
15:54 of 3rd period - Stopped by Troy Grosenick without a rebound.
15:55 of 3rd period - Raffi Torres wins face-off versus Jordan Weal in Falcons zone.
16:01 of 3rd period - Snap shot by Raffi Torres.
16:01 of 3rd period - Shot Misses the Net.
16:03 of 3rd period - Snap shot by Brett Olson.
16:03 of 3rd period - Deflect By Raffi Torres.
16:03 of 3rd period - Shot Misses the Net.
16:03 of 3rd period - Puck is out of play.
16:04 of 3rd period - Mikhail Grigorenko wins face-off versus Austin Watson in Falcons zone.
17:14 of 3rd period - Joonas Jarvinen is hit by Joe Morrow and loses puck.
17:29 of 3rd period - Radek Martinek is hit by Bobby Robins and loses puck.
18:10 of 3rd period - Wrist shot by Matt Ellis.
18:10 of 3rd period - Stopped by Niklas Svedberg with a rebound.
18:12 of 3rd period - Slapshot by Brian Dumoulin.
18:12 of 3rd period - Stopped by Niklas Svedberg with a rebound.
19:38 of 3rd period - Snap shot by Mitch Callahan.
19:38 of 3rd period - Shot Blocked by Mikhail Grigorenko.
19:52 of 3rd period - Slapshot by Krys Barch.
19:52 of 3rd period - Shot Misses the Net.
19:54 of 3rd period - Slapshot by Krys Barch.
19:54 of 3rd period - Shot Blocked by Keith Ballard.
Goals for this period are 0 for Monarchs vs 1 for Falcons.
Shots for this period are 3 for Monarchs vs 10 for Falcons.


Output by the SimonT Hockey Simulator (STHS) for Eric Dolegowski -- Original Page W3C XHTML 1.0 Valid
Hockey Simulator - Hockey Simulation - Hockey Manager